 Dungeon Crawl Stone Soup version 0.29-a0-321-gf1c400731a (webtiles) character file.

Game seed: 1086270971635202070

37788 spaghetti the Carver (level 13, -4/106 HPs)
             Began as a Gnoll Berserker on Apr 4, 2022.
             Was a Priest of Trog.
             Slain by a komodo dragon (19 damage)
             ... on level 1 of the Lair of Beasts.
             The game lasted 00:31:52 (21398 turns).

spaghetti the Carver (Gnoll Berserker)             Turns: 21398, Time: 00:31:52

Health: -4/106     AC: 27    Str: 30    XL:     13   Next: 98%
Magic:  43/43      EV: 11    Int:  7    God:    Trog [***...]
Gold:   1830       SH: 11    Dex: 15    Spells: 29/29 levels left

rFire   + . .      SeeInvis .   g - +6 long sword of Conscience {drain, Dex+4 Stlth+, long}
rCold   + . .      Faith    .   Q - +0 kite shield of Wonder {Will+ rCorr Str+6}
rNeg    + . .      Spirit   .   L - +1 plate armour {rC+}
rPois   +          Reflect  .   f - +0 helmet
rElec   .          Harm     .   o - +2 cloak {rPois}
rCorr   +          Rampage  .   n - +2 pair of gloves
Will    ++++.      Clarity  +   S - +2 pair of boots of the Distant Future {rN+ rCorr MP+9}
Stlth   +.........              (no amulet)
HPRegen 1.27/turn               w - ring of protection from fire
MPRegen 0.28/turn               O - ring of magical power

@: strong-willed, on berserk cooldown, regenerating
A: fangs 1, strong nose, distributed training, clarity, strong-willed 1, strong
1
a: Renounce Religion, Berserk, Trog's Hand


You were on level 1 of the Lair of Beasts.
You worshipped Trog.
Trog was most pleased with you.
You visited 3 branches of the dungeon, and saw 17 of its levels.

You collected 2279 gold pieces.
You spent 449 gold pieces at shops.


Innate Abilities, Weirdness & Mutations

You have very sharp teeth.
Your uncanny sense of smell can sniff out nearby items.
Your experience applies equally to all skills.
You possess an exceptional clarity of mind.
You are strong-willed. (Will+)
Your muscles are strong. (Str +2)


   Skills:
 + Level 11.0 Fighting
 + Level 8.8 Short Blades
 + Level 11.0 Long Blades
 + Level 8.8 Axes
 + Level 8.8 Maces & Flails
 + Level 8.8 Polearms
 + Level 8.8 Staves
 + Level 8.8 Slings
 + Level 8.8 Bows
 + Level 8.8 Crossbows
 + Level 8.8 Throwing
 + Level 10.0 Armour
 + Level 10.0 Dodging
 + Level 8.8 Stealth
 + Level 8.8 Shields
 + Level 8.8 Unarmed Combat
 + Level 8.8 Spellcasting
 + Level 7.3 Conjurations
 + Level 7.3 Hexes
 + Level 7.3 Summonings
 + Level 7.3 Necromancy
 + Level 7.3 Translocations
 + Level 7.3 Transmutations
 + Level 7.3 Fire Magic
 + Level 7.3 Ice Magic
 + Level 7.3 Air Magic
 + Level 7.3 Earth Magic
 + Level 7.3 Poison Magic
 + Level 9.6 Invocations
 + Level 8.8 Evocations


You had 29 spell levels left.
You didn't know any spells.
Your spell library contained the following spells:

 Spells                   Type           Power      Damage    Failure   Level
 Beastly Appendage        Tmut           26%        N/A       16%         1
 Foxfire                  Conj/Fire      52%        2x1d6     16%         1
 Blink                    Tloc           26%        N/A       24%         2
 Static Discharge         Conj/Air       13%        N/A       24%         2
 Sublimation of Blood     Necr           13%        N/A       24%         2
 Wereblood                Tmut           13%        N/A       24%         2
 Conjure Flame            Conj/Fire      13%        6-21      43%         3
 Dazzling Flash           Conj/Hex       26%        N/A       43%         3
 Frozen Ramparts          Ice            26%        1d4       43%         3
 Inner Flame              Hex/Fire       13%        N/A       43%         3
 Lesser Beckoning         Tloc           13%        N/A       43%         3
 Ozocubu's Armour         Ice            13%        N/A       43%         3
 Spider Form              Tmut/Pois      13%        N/A       43%         3
 Flame Wave               Conj/Fire      13%        2d6       85%         4
 Ice Form                 Ice/Tmut       13%        N/A       85%         4
 Summon Ice Beast         Ice/Summ       13%        N/A       85%         4
 Lightning Bolt           Conj/Air       6%         1d18      99%         5
 Manifold Assault         Tloc           13%        N/A       99%         5
 Summon Hydra             Summ           6%         N/A       100%        7
 Maxwell's Capacitive Co  Air            6%         ∞         100%        8
 Polar Vortex             Ice            6%         N/A       100%        9

Inventory:

Hand Weapons
 g - the +6 long sword of Conscience (weapon) {drain, Dex+4 Stlth+, long}
   (You found it on level 2 of the Dungeon)

   A truly terrible weapon, it drains the life of any living foe it strikes.
   Dex:       It affects your dexterity (+4).
   Stlth:     It makes you more stealthy.
 q - a +2 broad axe of draining {axe}
   (You took it off Maggie on level 10 of the Dungeon)
 J - a +0 dagger of electrocution {short}
   (You took it off an orc wizard on level 7 of the Dungeon)
 N - a +1 rapier of speed {short}
   (You found it on level 9 of the Dungeon)
Missiles
 a - 3 curare-tipped darts {=fthrowing}
 b - 4 boomerangs of dispersal {=f!fthrowing}
 c - 481 stones (quivered) {throwing}
 h - 40 poisoned darts {throwing}
 m - a throwing net {=f!fthrowing}
 v - 14 boomerangs {throwing}
 P - 3 silver boomerangs {throwing}
Armour
 f - a +0 helmet (worn)
   (You found it on level 1 of the Dungeon)
 n - a +2 pair of gloves (worn)
   (You bought it in a shop on level 2 of the Orcish Mines)
 o - a +2 cloak of poison resistance (worn)
   (You took it off Crazy Yiuf on level 2 of the Dungeon)
 L - a +1 plate armour of cold resistance (worn)
   (You took it off an orc warrior on level 9 of the Dungeon)
 Q - the +0 kite shield of Wonder (worn) {Will+ rCorr Str+6}
   (You found it on level 9 of the Dungeon)

   Str:       It affects your strength (+6).
   rCorr:     It protects you from acid and corrosion.
   Will:      It increases your willpower.
 S - the +2 pair of boots of the Distant Future (worn) {rN+ rCorr MP+9}
   (You found it on level 12 of the Dungeon)

   rN:        It protects you from negative energy.
   MP:        It affects your magic capacity (+9).
   rCorr:     It protects you from acid and corrosion.
Magical Staves
 r - a staff of earth {forbidden!astaff}
   (You found it on level 3 of the Dungeon)
Jewellery
 w - a ring of protection from fire (left hand)
   (You found it on level 5 of the Dungeon)
 O - a ring of magical power (right hand)
   (You found it on level 11 of the Dungeon)
Wands
 t - a wand of iceblast (24)
   (You took it off Ijyb on level 3 of the Dungeon)
 y - a wand of flame (14)
   (You found it on level 6 of the Dungeon)
Scrolls
 d - 9 scrolls of teleportation {@r4}
 k - 3 scrolls of magic mapping {!r}
 p - a scroll of silence {!r}
 C - a scroll of torment {!r}
 E - 2 scrolls of immolation {!r!r}
 I - 2 scrolls of amnesia
 T - 3 scrolls of identify {@r1}
Potions
 e - a potion of magic
 i - 3 potions of heal wounds {@q2}
 j - a potion of might
 l - 3 potions of ambrosia
 u - 10 potions of curing {@q1}
 x - a potion of flight
 z - 4 potions of mutation {!q}
 A - 3 potions of attraction {!q}
 D - a potion of berserk rage {!q}
 F - a potion of resistance
 G - 3 potions of lignification {!q}
 H - a potion of brilliance
Miscellaneous
 K - a box of beasts (inert)
   (You found it on level 9 of the Dungeon)

Dungeon Overview and Level Annotations

Branches:
Dungeon (14/15)            Temple (0/1) D:4            Lair (1/6) D:11
    Orc (2/2) D:11            Elf (0/3) Orc:2
 Vaults: D:13-14

Altars:
Ashenzari
Cheibriados
Elyvilon
Fedhas
Gozag
Kikubaaqudgha
Nemelex Xobeh
Okawaru
Qazlal
Trog
Vehumet
Wu Jian
Zin
The Shining One
Beogh

Shops:
D:6 *   D:7 !   Orc:2 (:[*

Annotations:
D:4 2 transporters
Orc:1 3 runed translucent doors, Cionis's ghost, journeyman DEAE

∆ .# #### ..#
.... ###..# ...
.....# ##..
.....#
##...###.....#
##...$S.......#
##............#


You could see a komodo dragon and a water moccasin.


Message History

You hit the wolf but do no damage. Your bite misses the wolf.
You block the wolf's attack. The wolf misses you.
A komodo dragon comes into view.
You block the wolf's attack.
The komodo dragon hisses angrily.
You hit the wolf. The wolf bites you but does no damage. The wolf bites you!
The wolf closely misses you. 😮 HP[-8]
You take 8 damage, and now have 66/105 hp.
You miss the wolf. You block the wolf's attack. The wolf barely misses you.
The wolf bites you. The wolf closely misses you. 😮 HP[-2]
You take 2 damage, and now have 64/105 hp.
You hit the wolf.
You kill the wolf!
Trog accepts your kill. You block the wolf's attack.
You block the wolf's attack. The wolf bites you but does no damage.
The wolf closely misses you. The komodo dragon barely misses you.
You see here a wolf corpse.
You closely miss the wolf.
The wolf bites you but does no damage. 😮 HP[+1]
You closely miss the wolf. You block the wolf's attack.
The komodo dragon bites you but does no damage.
The wolf bites you but does no damage. The komodo dragon bites you!
* * * LOW HITPOINT WARNING * * *
😨 HP[-15]
You take 15 damage, and now have 50/105 hp.
You barely miss the wolf. The wolf bites you.
* * * LOW HITPOINT WARNING * * *
You block the wolf's attack. The komodo dragon bites you.
* * * LOW HITPOINT WARNING * * *
😨 HP[-9]
You take 9 damage, and now have 41/105 hp.
Unknown command.
You miss the wolf. The wolf bites you but does no damage.
The wolf barely misses you.
The komodo dragon bites you but does no damage.
You barely miss the wolf. You bite the wolf, but do no damage.
The wolf bites you.
* * * LOW HITPOINT WARNING * * *
Unknown command.
You hit the wolf. Your bite misses the wolf. You block the wolf's attack.
The komodo dragon misses you. The wolf bites you but does no damage.
You barely miss the wolf. Your bite misses the wolf.
The wolf closely misses you. The komodo dragon closely misses you.
You closely miss the wolf. Your bite misses the wolf.
You block the wolf's attack. The komodo dragon bites you.
* * * LOW HITPOINT WARNING * * *
The wolf bites you but does no damage. x2
You block the komodo dragon's attack. 😨 HP[-3]
You take 3 damage, and now have 38/105 hp.
You feel agile.
You sense an unholy aura.
g - the +6 long sword of Conscience (weapon)
{drain, Dex+4 Stlth+, long} The wolf barely misses you.
You closely miss the wolf. You block the wolf's attack.
You block the komodo dragon's attack. The wolf bites you but does no damage.
The komodo dragon bites you but does no damage.
You slice the wolf!!
You kill the wolf!
Trog accepts your kill. The komodo dragon barely misses you.
Your Fighting skill increases to level 11!
Your Long Blades skill increases to level 11!
Your Armour skill increases to level 10!
Your Dodging skill increases to level 10! 😨 HP[+1]
You now have 106 max hp (+1).
You barely miss the komodo dragon. The komodo dragon closely misses you.
You completely miss the komodo dragon. The komodo dragon barely misses you.
You block the komodo dragon's attack. 😨 HP[+1]
You slash the komodo dragon! The komodo dragon bites you!
* * * LOW HITPOINT WARNING * * *
😨 HP[-7]
You take 7 damage, and now have 33/106 hp.
You hit the komodo dragon. You block the komodo dragon's attack.
The komodo dragon completely misses you.
You slash the komodo dragon! The komodo dragon barely misses you.
You block the komodo dragon's attack. 😨 HP[+1]
You barely miss the komodo dragon.
You feel yourself speed up.
A water moccasin comes into view.
You block the komodo dragon's attack.
The water moccasin hisses angrily.
You hit the komodo dragon but do no damage.
The komodo dragon bites you but does no damage. 😨 HP[+1]
You barely miss the komodo dragon. You bite the komodo dragon.
The komodo dragon bites you!!
* * * LOW HITPOINT WARNING * * *
😱 HP[-21]
You take 21 damage, and now have 14/106 hp.
Your skin crawls.
You feel strong-willed. The komodo dragon bites you!!
You die...

Skill      XL: |  1  2  3  4  5  6  7  8  9 10 11 12 13 |
---------------+----------------------------------------+-----
Invocations    | 1 2 3 4 5 6 7 8 9 |  9.6
Short Blades   | 1 2 3 4 5 6 7 8 |  8.8
Axes           | 1 2 3 4 5 6 7 8 |  8.8
Maces & Flails | 1 2 3 4 5 6 7 8 |  8.8
Polearms       | 1 2 3 4 5 6 7 8 |  8.8
Staves         | 1 2 3 4 5 6 7 8 |  8.8
Slings         | 1 2 3 4 5 6 7 8 |  8.8
Bows           | 1 2 3 4 5 6 7 8 |  8.8
Crossbows      | 1 2 3 4 5 6 7 8 |  8.8
Throwing       | 1 2 3 4 5 6 7 8 |  8.8
Stealth        | 1 2 3 4 5 6 7 8 |  8.8
Shields        | 1 2 3 4 5 6 7 8 |  8.8
Unarmed Combat | 1 2 3 4 5 6 7 8 |  8.8
Spellcasting   | 1 2 3 4 5 6 7 8 |  8.8
Evocations     | 1 2 3 4 5 6 7 8 |  8.8
Conjurations   | 1 2 3 4 5 6 7 |  7.3
Hexes          | 1 2 3 4 5 6 7 |  7.3
Summonings     | 1 2 3 4 5 6 7 |  7.3
Necromancy     | 1 2 3 4 5 6 7 |  7.3
Translocations | 1 2 3 4 5 6 7 |  7.3
Transmutations | 1 2 3 4 5 6 7 |  7.3
Fire Magic     | 1 2 3 4 5 6 7 |  7.3
Ice Magic      | 1 2 3 4 5 6 7 |  7.3
Air Magic      | 1 2 3 4 5 6 7 |  7.3
Earth Magic    | 1 2 3 4 5 6 7 |  7.3
Poison Magic   | 1 2 3 4 5 6 7 |  7.3
Armour         | 5 6 7 8 9 10 | 10.0
Dodging        | 5 6 7 8 9 10 | 10.0
Fighting       | 7 8 9 10 11 | 11.0
Long Blades    | 7 8 9 10 11 | 11.0

Action                   |  1- 3 |  4- 6 |  7- 9 | 10-12 | 13-15 || total
-------------------------+-------+-------+-------+-------+-------++-------
Melee: Falchion          |    91 |       |       |       |       ||    91
       Bite              |    10 |     7 |    20 |    79 |    59 ||   175
       Long sword        |     8 |    73 |   227 |   639 |   467 ||  1414
       Dagger            |       |    25 |       |       |       ||    25
       Punch             |       |     3 |     6 |     6 |       ||    15
       Rapier            |       |       |       |       |    46 ||    46
Throw: Stone             |     6 |    84 |    32 |    44 |       ||   166
       Dart              |       |       |       |     6 |       ||     6
Invok: Berserk           |       |     2 |    10 |    15 |    13 ||    40
       Trog's Hand       |       |     1 |       |     2 |     7 ||    10
       Brothers in Arms  |       |       |       |     3 |     1 ||     4
Evoke: Wand              |       |       |       |       |     4 ||     4
       Box of beasts     |       |       |       |       |     1 ||     1
  Use: Potion            |       |     4 |       |     1 |     3 ||     8
       Scroll            |       |     5 |     4 |    10 |     4 ||    23
 Stab: Sleeping          |     2 |     2 |     8 |     1 |       ||    13
       Distracted        |       |       |       |     1 |     1 ||     2
Armor: Animal skin       |    11 |    19 |    43 |       |       ||    73
       Leather armour    |       |       |    66 |    51 |       ||   117
       Plate armour      |       |       |       |   387 |   319 ||   706
Dodge: Dodged            |    58 |    45 |   247 |   443 |   289 ||  1082
Block: Kite shield       |       |       |       |   344 |   388 ||   732

Levels and vault maps discovered:
D:1:      erik_arrival_cave_to_civilisation [erik_arrival_cave_to_temple],
          layout_loops_ring, shapermc_ecumenical_altar_mp_urbaneastern,
          minmay_pentomino_p2
D:2:      minmay_spotlight, layout_loops_ring, basic_altar, uniq_natasha,
          uniq_crazy_yiuf_cottage
D:3:      layout_rooms, grunt_qazlal_clouds, nicolae_elyvilon_peaceful_grove,
          general_overflow_altar, nicolae_overflow_hidden_temple,
          hellmonk_ghost_happy_afterlife, minmay_distorted, uniq_ijyb
D:4:      gammafunk_cloud_chamber, layout_cave_pools,
          minmay_temple_entry_stoned_glass, uniq_sigmund, uniq_duvessa
D:5:      layout_cave_pools, mainiacjoe_overflow_brackets, lemuel_round_altar,
          minmay_misc_feat_columns
D:6:      layout_rooms, bloody_trog, nicolae_shop_gadgets, uniq_eustachio
D:7:      layout_cave_pools, nicolae_tso_besieged_by_evil,
          mainiacjoe_overflow_cross_hatched, serial_shops, shop
D:8:      layout_gridville, nicolae_ashenzari_skybound
D:9:      layout_loops_corners, pdpol_wu_jian_five_deadly_venoms,
          hangedman_minor_gate_pass
D:10:     layout_long_grid, kennysheep_mini_moat, uniq_maggie
D:11:     layout_loops_ring, lair_entry_dummy, david_orc_1_choice,
          chequers_mini_garden, uniq_lodul
D:12:     layout_stronghold, fedhas_altar_2
D:13:     layout_basic, gauntlet_entry_generic, minivault_7, uniq_frances,
          uniq_erolcha, uniq_snorg
D:14:     layout_roguey, grunt_vaults_entry_fortified, serial_shops, shop,
          minmay_microvault, uniq_josephine, uniq_jorgrun
Lair:1:   dreamdust_labyrinth, layout_gridlike, serial_bayou_pond_b,
          grunt_megastairs_5, lemuel_fruit_fields, uniq_amaemon, uniq_grum
Orc:1:    layout_caves, basic_altar, gammafunk_ghost_split,
          david_defended_altar_orc, uniq_erica
Orc:2:    grunt_orc_cross, layout_caves

Notes
Turn   | Place    | Note
-------+----------+-------------------------------------------
     0 | D:1      | spaghetti the Gnoll Berserker began the quest for the Orb.
     0 | D:1      | Reached XP level 1. HP: 23/23 MP: 1/1
     0 | D:1      | magus.rc [v1.9.6]
   249 | D:1      | Reached XP level 2. HP: 26/29 MP: 2/2
   544 | D:1      | Found a faded altar of an unknown god.
   790 | D:1      | Reached XP level 3. HP: 34/35 MP: 3/3
  1061 | D:1      | Reached ** piety under Trog
  1376 | D:2      | Reached skill level 1 in Invocations
  1511 | D:2      | Identified the +6 long sword of Conscience {drain, Dex+4
                  | Stlth+}
  1654 | D:2      | Reached skill level 1 in Short Blades
  1654 | D:2      | Reached skill level 1 in Axes
  1654 | D:2      | Reached skill level 1 in Maces & Flails
  1654 | D:2      | Reached skill level 1 in Polearms
  1654 | D:2      | Reached skill level 1 in Staves
  1654 | D:2      | Reached skill level 1 in Slings
  1654 | D:2      | Reached skill level 1 in Bows
  1654 | D:2      | Reached skill level 1 in Crossbows
  1654 | D:2      | Reached skill level 1 in Throwing
  1654 | D:2      | Reached skill level 1 in Stealth
  1654 | D:2      | Reached skill level 1 in Shields
  1654 | D:2      | Reached skill level 1 in Unarmed Combat
  1654 | D:2      | Reached skill level 1 in Spellcasting
  1654 | D:2      | Reached skill level 1 in Evocations
  1705 | D:2      | Reached XP level 4. HP: 41/41 MP: 5/5
  1952 | D:2      | Found an ancient bone altar of Kikubaaqudgha.
  2096 | D:2      | Noticed Natasha
  2108 | D:2      | Killed Natasha
  2109 | D:2      | Reached skill level 1 in Conjurations
  2109 | D:2      | Reached skill level 1 in Hexes
  2109 | D:2      | Reached skill level 1 in Summonings
  2109 | D:2      | Reached skill level 1 in Necromancy
  2109 | D:2      | Reached skill level 1 in Translocations
  2109 | D:2      | Reached skill level 1 in Transmutations
  2109 | D:2      | Reached skill level 1 in Fire Magic
  2109 | D:2      | Reached skill level 1 in Ice Magic
  2109 | D:2      | Reached skill level 1 in Air Magic
  2109 | D:2      | Reached skill level 1 in Earth Magic
  2109 | D:2      | Reached skill level 1 in Poison Magic
  2117 | D:2      | Noticed Natasha
  2121 | D:2      | Killed Natasha
  2122 | D:2      | Reached XP level 5. HP: 22/47 MP: 6/6
  2340 | D:2      | Found a runed translucent door.
  2341 | D:2      | Noticed Crazy Yiuf
  2523 | D:2      | Killed Crazy Yiuf
  2804 | D:3      | Found a stormy altar of Qazlal.
  2824 | D:3      | Noticed Ijyb
  2832 | D:3      | Killed Ijyb
  2840 | D:3      | HP: 11/47 [poisoned by Ijyb]
  3110 | D:3      | Found a runed translucent door.
  3110 | D:3      | Noticed 12572944's ghost (amateur DsVM)
  3230 | D:3      | Found a glowing silver altar of Zin.
  3232 | D:3      | Found a sparkling altar of Nemelex Xobeh.
  3380 | D:3      | Found a white marble altar of Elyvilon.
  3538 | D:3      | Gained mutation: You possess an exceptional clarity of
                  | mind. [potion of mutation]
  3538 | D:3      | Gained mutation: You are strong-willed. (Will+) [potion of
                  | mutation]
  3538 | D:3      | Gained mutation: Your muscles are strong. (Str +2) [potion
                  | of mutation]
  3541 | D:3      | HP: 6/47 [12572944's ghost (19)]
  3543 | D:3      | HP: 1/47 [12572944's ghost (8)]
  3548 | D:3      | Killed 12572944's ghost
  3549 | D:3      | Reached skill level 2 in Short Blades
  3549 | D:3      | Reached skill level 2 in Axes
  3549 | D:3      | Reached skill level 2 in Maces & Flails
  3549 | D:3      | Reached skill level 2 in Polearms
  3549 | D:3      | Reached skill level 2 in Staves
  3549 | D:3      | Reached skill level 2 in Slings
  3549 | D:3      | Reached skill level 2 in Bows
  3549 | D:3      | Reached skill level 2 in Crossbows
  3549 | D:3      | Reached skill level 2 in Throwing
  3549 | D:3      | Reached skill level 5 in Armour
  3549 | D:3      | Reached skill level 5 in Dodging
  3549 | D:3      | Reached skill level 2 in Stealth
  3549 | D:3      | Reached skill level 2 in Shields
  3549 | D:3      | Reached skill level 2 in Unarmed Combat
  3549 | D:3      | Reached skill level 2 in Spellcasting
  3549 | D:3      | Reached skill level 2 in Invocations
  3549 | D:3      | Reached skill level 2 in Evocations
  3549 | D:3      | Reached XP level 6. HP: 12/53 MP: 7/9
  3761 | D:3      | Found an iron altar of Okawaru.
  3879 | D:4      | Noticed Sigmund
  3906 | D:4      | Killed Sigmund
  3907 | D:4      | Reached skill level 7 in Fighting
  3907 | D:4      | Reached skill level 7 in Long Blades
  3907 | D:4      | Reached XP level 7. HP: 60/60 MP: 10/10
  4125 | D:4      | Noticed Duvessa
  4134 | D:4      | Killed Duvessa
  4135 | D:4      | Reached skill level 2 in Conjurations
  4135 | D:4      | Reached skill level 2 in Hexes
  4135 | D:4      | Reached skill level 2 in Summonings
  4135 | D:4      | Reached skill level 2 in Necromancy
  4135 | D:4      | Reached skill level 2 in Translocations
  4135 | D:4      | Reached skill level 2 in Transmutations
  4135 | D:4      | Reached skill level 2 in Fire Magic
  4135 | D:4      | Reached skill level 2 in Ice Magic
  4135 | D:4      | Reached skill level 2 in Air Magic
  4135 | D:4      | Reached skill level 2 in Earth Magic
  4135 | D:4      | Reached skill level 2 in Poison Magic
  4135 | D:4      | Noticed Dowan
  4140 | D:4      | Killed Dowan
  4267 | D:4      | You add the spells Dazzling Flash, Frozen Ramparts,
                  | Ozocubu's Armour and Polar Vortex to your library.
  4267 | D:4      | Got Egunir's Papyrus of Destructive Snow {forbidden}
  4303 | D:4      | You pick up a book of Flames {forbidden} and begin
                  | reading...
  4303 | D:4      | You add the spells Foxfire, Conjure Flame, Inner Flame and
                  | Flame Wave to your library.
  4360 | D:4      | Found a transporter.
  4395 | D:4      | Found a staircase to the Ecumenical Temple.
  4710 | D:4      | Reached skill level 3 in Invocations
  4879 | D:4      | Found a transporter.
  4894 | D:5      | Entered Level 5 of the Dungeon
  4919 | D:5      | Reached XP level 8. HP: 67/67 MP: 12/12
  5012 | D:5      | Reached skill level 3 in Short Blades
  5012 | D:5      | Reached skill level 3 in Axes
  5012 | D:5      | Reached skill level 3 in Maces & Flails
  5012 | D:5      | Reached skill level 3 in Polearms
  5012 | D:5      | Reached skill level 3 in Staves
  5012 | D:5      | Reached skill level 3 in Slings
  5012 | D:5      | Reached skill level 3 in Bows
  5012 | D:5      | Reached skill level 3 in Crossbows
  5012 | D:5      | Reached skill level 3 in Throwing
  5012 | D:5      | Reached skill level 3 in Stealth
  5012 | D:5      | Reached skill level 3 in Shields
  5012 | D:5      | Reached skill level 3 in Unarmed Combat
  5012 | D:5      | Reached skill level 3 in Spellcasting
  5012 | D:5      | Reached skill level 3 in Evocations
  5034 | D:5      | Found a blossoming altar of Fedhas.
  5239 | D:5      | Reached *** piety under Trog
  5291 | D:5      | Found a radiant altar of Vehumet.
  5491 | D:6      | Found a bloodstained altar of Trog.
  5520 | D:6      | Reached skill level 3 in Conjurations
  5520 | D:6      | Reached skill level 3 in Hexes
  5520 | D:6      | Reached skill level 3 in Summonings
  5520 | D:6      | Reached skill level 3 in Necromancy
  5520 | D:6      | Reached skill level 3 in Translocations
  5520 | D:6      | Reached skill level 3 in Transmutations
  5520 | D:6      | Reached skill level 3 in Fire Magic
  5520 | D:6      | Reached skill level 3 in Ice Magic
  5520 | D:6      | Reached skill level 3 in Air Magic
  5520 | D:6      | Reached skill level 3 in Earth Magic
  5520 | D:6      | Reached skill level 3 in Poison Magic
  5520 | D:6      | Reached skill level 4 in Invocations
  5538 | D:6      | HP: 24/100 [something (3)]
  5540 | D:6      | Reached skill level 6 in Armour
  5540 | D:6      | Reached skill level 6 in Dodging
  5542 | D:6      | Reached XP level 9. HP: 18/72 MP: 14/14
  6002 | D:6      | Found Sax Nio's Gadget Gallery.
  6016 | D:6      | Reached skill level 4 in Short Blades
  6016 | D:6      | Reached skill level 4 in Axes
  6016 | D:6      | Reached skill level 4 in Maces & Flails
  6016 | D:6      | Reached skill level 4 in Polearms
  6016 | D:6      | Reached skill level 4 in Staves
  6016 | D:6      | Reached skill level 4 in Slings
  6016 | D:6      | Reached skill level 4 in Bows
  6016 | D:6      | Reached skill level 4 in Crossbows
  6016 | D:6      | Reached skill level 4 in Throwing
  6016 | D:6      | Reached skill level 4 in Stealth
  6016 | D:6      | Reached skill level 4 in Shields
  6016 | D:6      | Reached skill level 4 in Unarmed Combat
  6016 | D:6      | Reached skill level 4 in Spellcasting
  6016 | D:6      | Reached skill level 4 in Evocations
  6140 | D:6      | Noticed Eustachio
  6163 | D:6      | Killed Eustachio
  6296 | D:7      | Found a glowing golden altar of the Shining One.
  6759 | D:7      | Found a snail-covered altar of Cheibriados.
  6769 | D:7      | Reached skill level 8 in Fighting
  6769 | D:7      | Reached skill level 8 in Long Blades
  6781 | D:7      | Reached skill level 5 in Invocations
  6889 | D:7      | Found Osieheerph's Distillery.
  6914 | D:7      | Reached **** piety under Trog
  7146 | D:7      | Bought a potion of heal wounds for 65 gold pieces
  7146 | D:7      | Bought a potion of curing for 39 gold pieces
  7146 | D:7      | Bought a potion of invisibility for 104 gold pieces
  7146 | D:7      | Bought a potion of lignification for 39 gold pieces
  7212 | D:7      | Identified the +1 scythe of Dim Light {venom, rN+}
  7281 | D:7      | Reached skill level 4 in Conjurations
  7281 | D:7      | Reached skill level 4 in Hexes
  7281 | D:7      | Reached skill level 4 in Summonings
  7281 | D:7      | Reached skill level 4 in Necromancy
  7281 | D:7      | Reached skill level 4 in Translocations
  7281 | D:7      | Reached skill level 4 in Transmutations
  7281 | D:7      | Reached skill level 4 in Fire Magic
  7281 | D:7      | Reached skill level 4 in Ice Magic
  7281 | D:7      | Reached skill level 4 in Air Magic
  7281 | D:7      | Reached skill level 4 in Earth Magic
  7281 | D:7      | Reached skill level 4 in Poison Magic
  7281 | D:7      | Reached XP level 10. HP: 79/80 MP: 17/17
  7515 | D:8      | You pick up a book of Blood {forbidden} and begin
                  | reading...
  7515 | D:8      | You add the spells Sublimation of Blood, Wereblood and
                  | Summon Hydra to your library.
  7520 | D:8      | Found a broken altar of Ashenzari.
  7537 | D:8      | Reached skill level 5 in Short Blades
  7537 | D:8      | Reached skill level 5 in Axes
  7537 | D:8      | Reached skill level 5 in Maces & Flails
  7537 | D:8      | Reached skill level 5 in Polearms
  7537 | D:8      | Reached skill level 5 in Staves
  7537 | D:8      | Reached skill level 5 in Slings
  7537 | D:8      | Reached skill level 5 in Bows
  7537 | D:8      | Reached skill level 5 in Crossbows
  7537 | D:8      | Reached skill level 5 in Throwing
  7537 | D:8      | Reached skill level 5 in Stealth
  7537 | D:8      | Reached skill level 5 in Shields
  7537 | D:8      | Reached skill level 5 in Unarmed Combat
  7537 | D:8      | Reached skill level 5 in Spellcasting
  7537 | D:8      | Reached skill level 5 in Evocations
  8284 | D:8      | Reached skill level 7 in Armour
  8284 | D:8      | Reached skill level 7 in Dodging
  8429 | D:8      | HP: 20/82 [poisoned by a killer bee]
  9041 | D:9      | Reached skill level 6 in Invocations
  9249 | D:9      | Noticed a manticore
  9264 | D:9      | Killed a manticore
  9399 | D:9      | Noticed a manticore
  9413 | D:9      | Killed a manticore
  9414 | D:9      | Reached XP level 11. HP: 87/87 MP: 19/19
  9901 | D:9      | Identified the +4 long sword of Chagrin {vorpal, rCorr
                  | Int+4}
  9904 | D:9      | Found an ornate altar of the Wu Jian Council.
 10408 | D:9      | Reached skill level 9 in Fighting
 10408 | D:9      | Reached skill level 9 in Long Blades
 10412 | D:9      | Reached skill level 6 in Short Blades
 10412 | D:9      | Reached skill level 6 in Axes
 10412 | D:9      | Reached skill level 6 in Maces & Flails
 10412 | D:9      | Reached skill level 6 in Polearms
 10412 | D:9      | Reached skill level 6 in Staves
 10412 | D:9      | Reached skill level 6 in Slings
 10412 | D:9      | Reached skill level 6 in Bows
 10412 | D:9      | Reached skill level 6 in Crossbows
 10412 | D:9      | Reached skill level 6 in Throwing
 10412 | D:9      | Reached skill level 6 in Stealth
 10412 | D:9      | Reached skill level 6 in Shields
 10412 | D:9      | Reached skill level 6 in Unarmed Combat
 10412 | D:9      | Reached skill level 6 in Spellcasting
 10412 | D:9      | Reached skill level 6 in Evocations
 10441 | D:9      | Noticed a sixfirhy
 10443 | D:9      | Reached skill level 5 in Conjurations
 10443 | D:9      | Reached skill level 5 in Hexes
 10443 | D:9      | Reached skill level 5 in Summonings
 10443 | D:9      | Reached skill level 5 in Necromancy
 10443 | D:9      | Reached skill level 5 in Translocations
 10443 | D:9      | Reached skill level 5 in Transmutations
 10443 | D:9      | Reached skill level 5 in Fire Magic
 10443 | D:9      | Reached skill level 5 in Ice Magic
 10443 | D:9      | Reached skill level 5 in Air Magic
 10443 | D:9      | Reached skill level 5 in Earth Magic
 10443 | D:9      | Reached skill level 5 in Poison Magic
 10476 | D:9      | Identified the +0 kite shield of Wonder {Will+ rCorr Str+6}
 10593 | D:10     | Entered Level 10 of the Dungeon
 11056 | D:10     | Found an opulent altar of Gozag.
 11434 | D:10     | You pick up a book of Lightning {forbidden} and begin
                  | reading...
 11434 | D:10     | You add the spells Static Discharge, Lightning Bolt and
                  | Maxwell's Capacitive Coupling to your library.
 11844 | D:10     | Noticed Maggie
 11854 | D:10     | Killed Maggie
 11903 | D:11     | Reached skill level 7 in Invocations
 12330 | D:11     | Reached skill level 8 in Armour
 12330 | D:11     | Reached skill level 8 in Dodging
 12332 | D:11     | You pick up a book of Spatial Translocations {forbidden}
                  | and begin reading...
 12332 | D:11     | You add the spells Blink, Lesser Beckoning and Manifold
                  | Assault to your library.
 12511 | D:11     | Found a staircase to the Orcish Mines.
 12755 | D:11     | Noticed a two-headed ogre
 12774 | D:11     | Killed a two-headed ogre
 12787 | D:11     | HP: 22/89 [vampire mosquito (3)]
 12794 | D:11     | Reached ***** piety under Trog
 12797 | D:11     | HP: 22/89 [vampire mosquito (4)]
 13106 | D:11     | Noticed a two-headed ogre
 13107 | D:11     | Noticed a two-headed ogre
 13111 | D:11     | Noticed Lodul
 13112 | D:11     | Killed a two-headed ogre
 13112 | D:11     | Noticed a two-headed ogre
 13112 | D:11     | Noticed a two-headed ogre
 13113 | D:11     | Reached XP level 12. HP: 96/96 MP: 22/22
 13113 | D:11     | Noticed a two-headed ogre
 13115 | D:11     | Noticed a two-headed ogre
 13117 | D:11     | Killed a two-headed ogre
 13126 | D:11     | Killed a two-headed ogre
 13127 | D:11     | Reached skill level 7 in Short Blades
 13127 | D:11     | Reached skill level 7 in Axes
 13127 | D:11     | Reached skill level 7 in Maces & Flails
 13127 | D:11     | Reached skill level 7 in Polearms
 13127 | D:11     | Reached skill level 7 in Staves
 13127 | D:11     | Reached skill level 7 in Slings
 13127 | D:11     | Reached skill level 7 in Bows
 13127 | D:11     | Reached skill level 7 in Crossbows
 13127 | D:11     | Reached skill level 7 in Throwing
 13127 | D:11     | Reached skill level 7 in Stealth
 13127 | D:11     | Reached skill level 7 in Shields
 13127 | D:11     | Reached skill level 7 in Unarmed Combat
 13127 | D:11     | Reached skill level 7 in Spellcasting
 13127 | D:11     | Reached skill level 7 in Evocations
 13128 | D:11     | HP: 23/97 [two-headed ogre/+0 giant club (16)]
 13135 | D:11     | Killed a two-headed ogre
 13136 | D:11     | Killed a two-headed ogre
 13141 | D:11     | HP: 16/97 [Lodul/bolt of lightning (13)]
 13149 | D:11     | Killed a two-headed ogre
 13154 | D:11     | Killed Lodul
 13155 | D:11     | Reached skill level 6 in Conjurations
 13155 | D:11     | Reached skill level 6 in Hexes
 13155 | D:11     | Reached skill level 6 in Summonings
 13155 | D:11     | Reached skill level 6 in Necromancy
 13155 | D:11     | Reached skill level 6 in Translocations
 13155 | D:11     | Reached skill level 6 in Transmutations
 13155 | D:11     | Reached skill level 6 in Fire Magic
 13155 | D:11     | Reached skill level 6 in Ice Magic
 13155 | D:11     | Reached skill level 6 in Air Magic
 13155 | D:11     | Reached skill level 6 in Earth Magic
 13155 | D:11     | Reached skill level 6 in Poison Magic
 13512 | D:11     | Found a staircase to the Lair.
 13649 | D:12     | Reached skill level 8 in Invocations
 13765 | D:12     | Identified the +2 pair of boots of the Distant Future {rN+
                  | rCorr MP+9}
 14344 | D:12     | Reached skill level 10 in Fighting
 14344 | D:12     | Reached skill level 10 in Long Blades
 14347 | D:12     | HP: 35/145 [poisoned by a meliai]
 14352 | D:12     | HP: 21/145 [poisoned by a meliai]
 14356 | D:12     | HP: 10/145 [poisoned by a meliai]
 14989 | D:12     | You pick up a book of Rime {forbidden} and begin reading...
 14989 | D:12     | You add the spells Ice Form and Summon Ice Beast to your
                  | library.
 15003 | D:12     | Found a blossoming altar of Fedhas.
 15070 | D:13     | Noticed Erolcha
 15075 | D:13     | Noticed a rakshasa
 15096 | D:13     | Killed a rakshasa
 15110 | D:12     | HP: 17/97 [Erolcha/+0 giant spiked club (17)]
 15113 | D:12     | Killed Erolcha
 15114 | D:12     | Reached skill level 9 in Armour
 15114 | D:12     | Reached skill level 9 in Dodging
 15559 | D:13     | Noticed a centaur warrior
 15971 | D:13     | Killed a centaur warrior
 15972 | D:13     | Reached XP level 13. HP: 94/103 MP: 24/24
 16185 | D:13     | You pick up a book of Rime {forbidden} and begin reading...
 16254 | D:13     | Noticed Snorg
 16270 | D:13     | Killed Snorg
 16434 | D:13     | Noticed Frances
 16455 | D:13     | Killed Frances
 16456 | D:13     | Reached skill level 8 in Short Blades
 16456 | D:13     | Reached skill level 8 in Axes
 16456 | D:13     | Reached skill level 8 in Maces & Flails
 16456 | D:13     | Reached skill level 8 in Polearms
 16456 | D:13     | Reached skill level 8 in Staves
 16456 | D:13     | Reached skill level 8 in Slings
 16456 | D:13     | Reached skill level 8 in Bows
 16456 | D:13     | Reached skill level 8 in Crossbows
 16456 | D:13     | Reached skill level 8 in Throwing
 16456 | D:13     | Reached skill level 8 in Stealth
 16456 | D:13     | Reached skill level 8 in Shields
 16456 | D:13     | Reached skill level 8 in Unarmed Combat
 16456 | D:13     | Reached skill level 8 in Spellcasting
 16456 | D:13     | Reached skill level 8 in Evocations
 17421 | D:13     | Reached skill level 9 in Invocations
 17434 | D:13     | You pick up a book of Changes {forbidden} and begin
                  | reading...
 17434 | D:13     | You add the spells Beastly Appendage and Spider Form to
                  | your library.
 17916 | D:14     | Noticed a vault guard
 18010 | Orc:1    | Entered Level 1 of the Orcish Mines
 18014 | Orc:1    | You fall into a shaft and drop 1 floor!
 18014 | Orc:2    | Entered Level 2 of the Orcish Mines
 18205 | Orc:2    | Noticed an orc warlord
 18456 | Orc:2    | HP: 23/101 [orc warlord/+3 battleaxe of draining (22)]
 18681 | Orc:2    | Reached skill level 7 in Conjurations
 18681 | Orc:2    | Reached skill level 7 in Hexes
 18681 | Orc:2    | Reached skill level 7 in Summonings
 18681 | Orc:2    | Reached skill level 7 in Necromancy
 18681 | Orc:2    | Reached skill level 7 in Translocations
 18681 | Orc:2    | Reached skill level 7 in Transmutations
 18681 | Orc:2    | Reached skill level 7 in Fire Magic
 18681 | Orc:2    | Reached skill level 7 in Ice Magic
 18681 | Orc:2    | Reached skill level 7 in Air Magic
 18681 | Orc:2    | Reached skill level 7 in Earth Magic
 18681 | Orc:2    | Reached skill level 7 in Poison Magic
 18869 | Orc:2    | Found a staircase to the Elven Halls.
 19044 | Orc:2    | Killed an orc warlord
 19062 | Orc:2    | HP: 34/157 [orc priest/divine providence (11)]
 19062 | Orc:2    | HP: 15/157 [orc knight/+2 great sword (13)]
 19064 | Orc:2    | HP: 2/157 [orc knight/bolt (15)]
 19434 | Orc:1    | HP: 17/105 [orc priest/divine providence (14)]
 19802 | Orc:2    | HP: 23/105 [orc knight/+2 great sword (5)]
 19805 | Orc:2    | HP: 7/105 [orc knight/+2 great sword (11)]
 20259 | Orc:2    | Found Onupn's Antique Weapon Boutique.
 20274 | Orc:2    | Found Viqaroq's Antique Armour Boutique.
 20281 | Orc:2    | Bought a pair of glowing gloves for 202 gold pieces
 20295 | Orc:2    | Found Tuodulam's General Store.
 20311 | Orc:2    | Found Diutie's Book Boutique.
 20577 | Orc:1    | Noticed Erica
 20588 | Orc:1    | Killed Erica
 20881 | Orc:1    | Noticed Cionis's ghost (journeyman DEAE)
 21010 | Orc:1    | Found a runed translucent gate.
 21011 | Orc:1    | Found a runed translucent gate.
 21013 | Orc:1    | Found a runed translucent gate.
 21336 | Lair:1   | Entered Level 1 of the Lair of Beasts
 21390 | Lair:1   | Reached skill level 11 in Fighting
 21390 | Lair:1   | Reached skill level 11 in Long Blades
 21390 | Lair:1   | Reached skill level 10 in Armour
 21390 | Lair:1   | Reached skill level 10 in Dodging
 21397 | Lair:1   | HP: 14/106 [komodo dragon (21)]
 21398 | Lair:1   | Slain by a komodo dragon

Vanquished Creatures
  Frances (D:13)
  Snorg (D:13)
  A hydra (Lair:1)
  Erolcha (D:12)
  A rakshasa (D:13)
  2 centaur warriors (D:13)
  Erica (Orc:1)
  5 two-headed ogres
  A tengu warrior (D:13)
  An orc high priest (Orc:2)
  A deep elf pyromancer (D:12)
  4 orc knights
  An orc sorcerer (Orc:2)
  3 manticores
  Maggie (D:10)
  2 gargoyles
  2 kobold demonologists
  An unseen horror (D:11)
  A komodo dragon (D:11)
  A tengu conjurer (D:13)
  A queen bee (D:13)
  9 meliai
  5 trolls
  5 slime creatures
  Sigmund (D:4)
  3 wraiths
  2 shadows
  Eustachio (D:6)
  3 wyverns
  6 yaks (D:9)
  8 vampire mosquitoes
  The ghost of
  12572944 the Stinger, an amateur DsVM (D:3)
  3 wargs
  3 acid dragons
  3 water moccasins
  Duvessa (D:4)
  27 orc warriors
  2 black bears (D:6)
  An ice beast (D:5)
  6 ogres
  A sky beast (D:8)
  7 centaurs
  6 wolves (Lair:1)
  6 kobold brigands
  7 bullfrogs
  2 necrophages
  3 gnoll sergeants
  4 scorpions
  4 wights
  Dowan (D:4)
  39 killer bees
  4 howler monkeys (D:9)
  A crimson imp (D:7)
  3 gnoll shamans
  A jelly (D:6)
  19 orc priests
  Crazy Yiuf (D:2)
  Ijyb (D:3)
  Natasha (twice) (D:2)
  3 iguanas
  18 orc wizards
  A centaur simulacrum (D:9)
  26 gnolls
  6 adders
  3 shadow imps
  2 white imps
  An ufetubus (D:3)
  2 worms
  3 dart slugs
  56 orcs
  7 bats
  3 endoplasms
  4 giant cockroaches
  3 goblins
  6 hobgoblins
  6 jackals
  5 quokkas
  5 ball pythons
  5 frilled lizards
  A goblin skeleton (D:7)
  3 goblin zombies (D:7)
  A hobgoblin zombie (D:7)
  24 kobolds
  A kobold skeleton (D:7)
  An orc skeleton (D:7)
  2 orc zombies (D:7)
  5 rats
438 creatures vanquished.

Vanquished Creatures (collateral kills)
  An orc warlord (Orc:2)
  3 two-headed ogres (D:11)
  Lodul (D:11)
  2 orc sorcerers (Orc:2)
  An orc warrior (Orc:2)
  An ogre (D:11)
  An orc priest (Orc:2)
  An orc wizard (Orc:2)
  5 orcs (Orc:2)
16 creatures vanquished.

Vanquished Creatures (others)
  An orc wizard (D:11)
  A butterfly (D:3)
  A fungus (D:2)
3 creatures vanquished.

Grand Total: 457 creatures vanquished

Table legend:
 A = Non-vault XP
 B = Vault XP
 C = Vault XP percentage of total XP
 D = Non-vault monster count
 E = Vault monster count
 F = Vault count percentage of total count
                 A         B        C        D         E       F
            +---------+---------+-------+---------+---------+-------
      Total |   30705 |   23279 |  43.1 |     344 |     110 |  24.2
            +---------+---------+-------+---------+---------+-------
        D:1 |      41 |       5 |  10.9 |      23 |       4 |  14.8
        D:2 |      84 |      82 |  49.4 |      16 |       5 |  23.8
        D:3 |      54 |     213 |  79.8 |      14 |       3 |  17.6
        D:4 |     212 |     430 |  67.0 |      19 |       3 |  13.6
        D:5 |     687 |       0 |   0.0 |      11 |       0 |   0.0
        D:6 |    1386 |     202 |  12.7 |      27 |       1 |   3.6
        D:7 |    1413 |      57 |   3.9 |      33 |      10 |  23.3
        D:8 |    1678 |       0 |   0.0 |      30 |       0 |   0.0
        D:9 |    2526 |    1631 |  39.2 |      26 |       7 |  21.2
       D:10 |    2260 |     428 |  15.9 |      33 |       1 |   2.9
       D:11 |    3944 |    6512 |  62.3 |      25 |      17 |  40.5
       D:12 |    5166 |     874 |  14.5 |      21 |       1 |   4.5
       D:13 |    5246 |    4550 |  46.4 |      12 |      20 |  62.5
     Lair:1 |    1566 |       0 |   0.0 |       7 |       0 |   0.0
      Orc:1 |    1170 |    1773 |  60.2 |      17 |       6 |  26.1
      Orc:2 |    3272 |    6522 |  66.6 |      30 |      32 |  51.6
            +---------+---------+-------+---------+---------+-------

Illustrated notes

Table legend:
 A = Kills in this place as a percentage of kills in entire the game.
 B = Kills by you in this place as a percentage of kills by you in the entire game.
 C = Kills by friends in this place as a percentage of kills by friends in the entire game.
 D = Other kills in this place as a percentage of other kills in the entire game.
 E = Experience gained in this place as a percentage of experience gained in the entire game.
 F = Experience gained in this place divided by the number of levels of this place that you have seen.
                   A       B       C       D       E      F
               +-------+-------+-------+-------+-------+----------------------
         Total | 100.0 | 100.0 | 100.0 |   N/A | 100.0 | 3175.5
       Dungeon |  79.7 |  81.5 |  31.2 |   N/A |  73.5 | 2834.4
          Lair |   1.5 |   1.6 |   0.0 |   N/A |   2.9 | 1566.0
  Orcish Mines |  18.7 |  16.9 |  68.8 |   N/A |  23.6 | 6368.5
               +-------+-------+-------+-------+-------+----------------------

Table legend: (Time is in decaauts)
 A = Elapsed time spent in this place.
 B = Non-inter-level travel time spent in this place.
 C = Inter-level travel time spent in this place.
 D = Time resting spent in this place.
 E = Time spent auto-exploring this place.
 F = Levels seen in this place.
 G = Mean time per level.
                   A        B        C        D        E       F      G
               +--------+--------+--------+--------+--------+-----+--------+
         Total |  21741 |  21061 |    680 |   6969 |  11024 |  17 | 1278.9 |
       Dungeon |  18355 |  17767 |    588 |   5775 |   9543 |  14 | 1311.1 |
          Lair |     50 |     50 |      0 |      0 |      0 |   1 |   50.0 |
  Orcish Mines |   3335 |   3244 |     91 |   1193 |   1481 |   2 | 1667.5 |
               +--------+--------+--------+--------+--------+-----+--------+

Top non-repeatable levels by time:
    D:12: 2358 daAuts
    D:13: 2046 daAuts
    D:11: 1853 daAuts
   Orc:2: 1822 daAuts
     D:9: 1745 daAuts
   Orc:1: 1512 daAuts
     D:2: 1489 daAuts
     D:8: 1382 daAuts
    D:10: 1325 daAuts
     D:1: 1317 daAuts
     D:6: 1168 daAuts
     D:4: 1078 daAuts
     D:3: 1052 daAuts
     D:7: 912 daAuts
     D:5: 597 daAuts
